 Dungeon Crawl Stone Soup version 0.24.0-13-gcf9b319 (webtiles) character file.

Game seed: 18310712532345694545, levelgen mode: deterministic

199 Bronimir the Fighter (level 5, -6/51 HPs)
             Began as a Gnoll Wanderer on Mar 5, 2020.
             Mangled by an orc
             ... wielding a +0 flail
              (8 damage)
             ... on level 3 of the Dungeon.
             The game lasted 00:07:55 (2473 turns).

Bronimir the Fighter (Gnoll Wanderer)               Turns: 2473, Time: 00:07:56

Health: -6/51      AC:  5    Str: 16    XL:     5   Next: 77%
Magic:  7/7        EV: 12    Int: 14    God:
Gold:   93         SH:  0    Dex: 14    Spells: 7/7 levels left

rFire    + . .     SeeInvis .   a - +2 falchion
rCold    . . .     Gourm    .   (no shield)
rNeg     . . .     Faith    .   r - +2 robe {rF+}
rPois    .         Spirit   .   (no helmet)
rElec    .         Reflect  .   (no cloak)
rCorr    .         Harm     .   l - +0 pair of gloves
MR       .....                  (no boots)
Stlth    +++.......             (no amulet)
HPRegen  0.17/turn              (no ring)
MPRegen  0.10/turn              (no ring)

@: no status effects
A: distributed training, fangs 1, strong nose
a: no special abilities


You were on level 3 of the Dungeon.
You were not hungry.

You visited 1 branch of the dungeon, and saw 3 of its levels.

You collected 93 gold pieces.

Inventory:

Hand Weapons
 a - a +2 falchion (weapon)
 b - a +0 hunting sling
 e - a +0 dagger
 k - a +0 short sword
 m - a cursed -2 spear
 u - a +0 dagger of speed
Missiles
 h - 64 stones (quivered)
 i - 15 arrows
Armour
 d - a +0 robe
 l - a +0 pair of gloves (worn)
 r - a +2 robe of fire resistance (worn)
 v - a +0 ring mail
Scrolls
 j - a scroll of fog
 p - 2 scrolls of identify
Potions
 c - 2 potions of lignification
 q - a potion of degeneration {unknown}
 s - 2 potions of cancellation
Comestibles
 f - 3 rations


   Skills:
 + Level 8.6 Fighting
 + Level 1.6 Short Blades
 + Level 3.0 Long Blades
 + Level 1.6 Axes
 + Level 1.6 Maces & Flails
 + Level 1.6 Polearms
 + Level 1.6 Staves
 + Level 1.6 Slings
 + Level 1.6 Bows
 + Level 3.0 Crossbows
 + Level 3.0 Throwing
 + Level 3.0 Armour
 + Level 1.6 Dodging
 + Level 4.4 Stealth
 + Level 1.6 Shields
 + Level 1.6 Unarmed Combat
 + Level 1.6 Spellcasting
 + Level 1.2 Conjurations
 + Level 1.2 Hexes
 + Level 1.2 Charms
 + Level 1.2 Summonings
 + Level 1.2 Necromancy
 + Level 1.2 Translocations
 + Level 1.2 Transmutations
 + Level 1.2 Fire Magic
 + Level 1.2 Ice Magic
 + Level 1.2 Air Magic
 + Level 1.2 Earth Magic
 + Level 1.2 Poison Magic
 + Level 1.8 Invocations
 + Level 1.6 Evocations


You had 7 spell levels left.
You didn't know any spells.
Your spell library was empty.

Dungeon Overview and Level Annotations

Branches:
Dungeon (3/15)

Altars:


Innate Abilities, Weirdness & Mutations

Your experience applies equally to all skills.
You have very sharp teeth.
Your uncanny sense of smell can sniff out nearby items.


Message History

* * * LOW HITPOINT WARNING * * *
The weapon returns to the orc!
The orc priest misses you.
You barely miss the orc priest.
The orc priest is almost dead.
The orc throws a boomerang.
The boomerang completely misses you.
The weapon returns to the orc!
The orc priest barely misses you.
You hit the orc priest.
You kill the orc priest!
The orc throws a boomerang.
The boomerang barely misses you.
The weapon returns to the orc!
The orc hits you with a +0 flail!
* * * LOW HITPOINT WARNING * * *
You hit the orc.
The orc is lightly wounded.
The orc hits you with a +0 flail.
* * * LOW HITPOINT WARNING * * *
You barely miss the orc.
The orc is lightly wounded.
The orc hits you with a +0 flail!
You die...

#.....+..##รท# ##...#
#.....##.##.####.#.#
#.....##.##....#...#
#...........##.###'#####
#####.......##.........#
#.......##.........+
##.......#.........##
#....)...............
#....[.@o.######.....
######....# .....
#####<...# .....
#....[...# #...
#....>...# #..>.....#
##########


You could see an orc.

Vanquished Creatures
  An orc priest (D:3)
  An orc wizard (D:3)
  Jessica (D:2)
  4 adders
  An ooze (D:1)
  2 dart slugs (D:1)
  9 orcs
  A ball python (D:1)
  3 bats
  3 giant cockroaches
  8 hobgoblins
  6 jackals
  2 quokkas
  3 frilled lizards (D:2)
  8 goblins
  4 kobolds
  6 rats
63 creatures vanquished.

Notes
Turn   | Place    | Note
-------+----------+-------------------------------------------
     0 | D:1      | Bronimir the Gnoll Wanderer began the quest for the Orb.
     0 | D:1      | Bronimir set off with the following items: a +2 falchion, a
                  | +0 short sword, a potion of lignification, a +0 robe, a +0
                  | dagger, a ration
     0 | D:1      | Reached XP level 1. HP: 26/26 MP: 1/1
    70 | D:1      | Reached XP level 2. HP: 32/33 MP: 2/2
   238 | D:1      | Reached XP level 3. HP: 11/38 MP: 3/3
   750 | D:2      | Reached skill level 1 in Invocations
   981 | D:2      | Reached skill level 1 in Short Blades
   981 | D:2      | Reached skill level 1 in Axes
   981 | D:2      | Reached skill level 1 in Maces & Flails
   981 | D:2      | Reached skill level 1 in Polearms
   981 | D:2      | Reached skill level 1 in Staves
   981 | D:2      | Reached skill level 1 in Slings
   981 | D:2      | Reached skill level 1 in Bows
   981 | D:2      | Reached skill level 1 in Dodging
   981 | D:2      | Reached skill level 1 in Shields
   981 | D:2      | Reached skill level 1 in Unarmed Combat
   981 | D:2      | Reached skill level 1 in Spellcasting
   981 | D:2      | Reached skill level 1 in Evocations
  1045 | D:2      | Reached XP level 4. HP: 44/45 MP: 5/5
  1055 | D:2      | Noticed Jessica
  1064 | D:2      | Killed Jessica
  1374 | D:2      | Reached skill level 1 in Conjurations
  1374 | D:2      | Reached skill level 1 in Hexes
  1374 | D:2      | Reached skill level 1 in Charms
  1374 | D:2      | Reached skill level 1 in Summonings
  1374 | D:2      | Reached skill level 1 in Necromancy
  1374 | D:2      | Reached skill level 1 in Translocations
  1374 | D:2      | Reached skill level 1 in Transmutations
  1374 | D:2      | Reached skill level 1 in Fire Magic
  1374 | D:2      | Reached skill level 1 in Ice Magic
  1374 | D:2      | Reached skill level 1 in Air Magic
  1374 | D:2      | Reached skill level 1 in Earth Magic
  1374 | D:2      | Reached skill level 1 in Poison Magic
  1563 | D:3      | Reached XP level 5. HP: 29/51 MP: 5/7
  2471 | D:3      | HP: 2/51 [orc/+0 flail (8)]
  2473 | D:3      | Mangled by an orc

Levels and vault maps discovered:
D:1:      dpeg_arrival_pond, layout_rooms, st_stairs_14
D:2:      layout_loops_cross, first_ration, bh_walls_and_bars, uniq_jessica
D:3:      layout_basic, chequers_serial_rivers_room_b, fedhas_altar_1

Skill      XL: |  1  2  3  4  5 |
---------------+----------------+-----
Invocations    | 1 |  1.8
Short Blades   | 1 |  1.6
Axes           | 1 |  1.6
Maces & Flails | 1 |  1.6
Polearms       | 1 |  1.6
Staves         | 1 |  1.6
Slings         | 1 |  1.6
Bows           | 1 |  1.6
Dodging        | 1 |  1.6
Shields        | 1 |  1.6
Unarmed Combat | 1 |  1.6
Spellcasting   | 1 |  1.6
Evocations     | 1 |  1.6
Conjurations   | 1 |  1.2
Hexes          | 1 |  1.2
Charms         | 1 |  1.2
Summonings     | 1 |  1.2
Necromancy     | 1 |  1.2
Translocations | 1 |  1.2
Transmutations | 1 |  1.2
Fire Magic     | 1 |  1.2
Ice Magic      | 1 |  1.2
Air Magic      | 1 |  1.2
Earth Magic    | 1 |  1.2
Poison Magic   | 1 |  1.2
Long Blades    | 3 |  3.0
Crossbows      | 3 |  3.0
Throwing       | 3 |  3.0
Armour         | 3 |  3.0
Fighting       | |  8.6
Stealth        | |  4.4

Action                   |  1- 3 |  4- 6 || total
-------------------------+-------+-------++-------
Melee: Falchion          |    86 |    94 ||   180
       Bite              |     7 |    13 ||    20
  Use: Scroll            |       |     7 ||     7
 Stab: Sleeping          |     9 |     2 ||    11
  Eat: Chunk             |     1 |     4 ||     5
Armor: Robe              |    18 |    33 ||    51
Dodge: Dodged            |    50 |    78 ||   128
       Rpst.: Falchion   |    13 |    18 ||    31
